MWL (24 & UNDER)
LEE'S SUMMIT TIGERS @ EVANSTON ELITISTS
08/27/2030
 
TOP OF THE 1ST
Lee's Summit Tigers batting - Pitching for Evanston Elitists : RHP Joel Cobb
Pitching: RHP Joel Cobb
Batting: RHB José Deleón 0-0: Called Strike
0-1: Swinging Strike
0-2: SINGLE (Line Drive, 9S)
Batting: RHB William Flores 0-0: Hit by Pitch
José Deleón to second
Batting: LHB Brian Lawson 0-0: Grounds into double play, 4-6-3 (Groundball, 34D)
José Deleón to third
Batting: RHB Tommy Smith 0-0: Ball
1-0: Called Strike
1-1: Ball
2-1: Ground out 6-3 (Groundball, 6)
Top of the 1st over - 0 runs, 1 hit, 0 errors, 1 left on base; Lee's Summit 0 - Evanston 0
BOTTOM OF THE 1ST
Evanston Elitists batting - Pitching for Lee's Summit Tigers : RHP José Medellín
Pitching: RHP José Medellín
Batting: SHB Troy Abreu 0-0: Foul Ball, location: 2F
0-1: Ball
1-1: Swinging Strike
1-2: Foul Ball, location: 2F
1-2: Fly out, F7 (Flyball, 7LM)
Batting: LHB Jean-Sébastien Beaudin 0-0: Ball
1-0: Ball
2-0: Called Strike
2-1: Bunt for hit - play at first, batter safe!
Batting: RHB Greg Nichols 0-0: Called Strike
0-1: Called Strike
0-2: Foul Ball, location: 2F
0-2: Ground out 6-3 (Groundball, 6S)
Jean-Sébastien Beaudin to second
Batting: RHB Troy Johnson 0-0: Foul Ball, location: 2F
0-1: Ball
1-1: Foul Ball, location: 2F
1-2: Ball
2-2: Strikes out looking
Bottom of the 1st over - 0 runs, 1 hit, 0 errors, 1 left on base; Lee's Summit 0 - Evanston 0
TOP OF THE 2ND
Lee's Summit Tigers batting - Pitching for Evanston Elitists : RHP Joel Cobb
Batting: LHB Víctor Piña 0-0: Ball
1-0: Called Strike
1-1: Ball
2-1: Swinging Strike
2-2: Ball
3-2: Base on Balls
Batting: RHB Juan Rodríguez 0-0: Foul Ball, location: 2F
0-1: Ball
1-1: Ball
2-1: Foul Ball, location: 2F
2-2: Fly out, F8 (Flyball, 89M)
Batting: LHB António Bonaccorsi 0-0: Called Strike
0-1: Ball
1-1: Ball
2-1: Swinging Strike
2-2: Ball
3-2: Foul Ball, location: 2F
3-2: Base on Balls
Víctor Piña to second
Batting: RHB Josh Martin 0-0: SINGLE (Groundball, 34D)
Víctor Piña to third
António Bonaccorsi to second
Batting: SHB Enrique Bartoccini 0-0: Foul Ball, location: 2F
0-1: Called Strike
0-2: Ball
1-2: Foul Ball, location: 2F
1-2: Strikes out swinging
Batting: RHB José Deleón 0-0: SINGLE (Groundball, 6MD)
Víctor Piña scores
António Bonaccorsi to third
Josh Martin to second
Runner from 3rd tries for Home, SAFE, no throw
Batting: RHB William Flores 0-0: Hit by Pitch
Josh Martin to third
José Deleón to second
Batting: LHB Brian Lawson 0-0: Called Strike
0-1: Swinging Strike
0-2: Ball
1-2: Strikes out swinging
Top of the 2nd over - 2 runs, 2 hits, 0 errors, 3 left on base; Lee's Summit 2 - Evanston 0
BOTTOM OF THE 2ND
Evanston Elitists batting - Pitching for Lee's Summit Tigers : RHP José Medellín
Batting: SHB Claas van der Kuijl 0-0: Ball
1-0: Swinging Strike
1-1: Ball
2-1: Called Strike
2-2: Foul Ball, location: 2F
2-2: Ball
3-2: Strikes out swinging
Batting: RHB Jaime Aguirre 0-0: Foul Ball, location: 2F
0-1: Ball
1-1: Called Strike
1-2: Ground out 4-3 (Groundball, 4)
Batting: SHB Doug Thompson 0-0: Ball
1-0: Called Strike
1-1: SINGLE (Groundball, 5S) (infield hit)
Batting: RHB Billy Gray 0-0: Fly out, F7 (Flyball, 7)
Bottom of the 2nd over - 0 runs, 1 hit, 0 errors, 1 left on base; Lee's Summit 2 - Evanston 0
TOP OF THE 3RD
Lee's Summit Tigers batting - Pitching for Evanston Elitists : RHP Joel Cobb
Batting: RHB Tommy Smith 0-0: Called Strike
0-1: Swinging Strike
0-2: Ball
1-2: Ball
2-2: Fly out, F9 (Flyball, 9S)
Batting: LHB Víctor Piña 0-0: Called Strike
0-1: Ball
1-1: Ground out 4-3 (Groundball, 4S)
Batting: RHB Juan Rodríguez 0-0: Called Strike
0-1: DOUBLE (Line Drive, 8RD)
Batting: LHB António Bonaccorsi 0-0: Ball
1-0: Ball
2-0: Ball
3-0: Base on Balls
Batting: RHB Josh Martin 0-0: Ball
1-0: Ball
2-0: Ball
3-0: Called Strike
3-1: Swinging Strike
3-2: Foul Ball, location: 2F
3-2: Strikes out swinging
Top of the 3rd over - 0 runs, 1 hit, 0 errors, 2 left on base; Lee's Summit 2 - Evanston 0
BOTTOM OF THE 3RD
Evanston Elitists batting - Pitching for Lee's Summit Tigers : RHP José Medellín
Batting: RHB Bruce Adams 0-0: Called Strike
0-1: Swinging Strike
0-2: Ball
1-2: Foul Ball, location: 2F
1-2: Strikes out swinging
Batting: SHB Troy Abreu 0-0: Swinging Strike
0-1: Called Strike
0-2: Ball
1-2: Ball
2-2: Ball
3-2: Foul Ball, location: 2F
3-2: Strikes out looking
Batting: LHB Jean-Sébastien Beaudin 0-0: Bunt for hit - play at first, batter OUT! 1-3
Bottom of the 3rd over - 0 runs, 0 hits, 0 errors, 0 left on base; Lee's Summit 2 - Evanston 0
TOP OF THE 4TH
Lee's Summit Tigers batting - Pitching for Evanston Elitists : RHP Joel Cobb
Batting: SHB Enrique Bartoccini 0-0: Called Strike
0-1: Ground out U3 (Groundball, 3)
Batting: RHB José Deleón 0-0: Called Strike
0-1: Foul Ball, location: 2F
0-2: Foul Ball, location: 2F
0-2: Ball
1-2: Foul Ball, location: 2F
1-2: Ball
2-2: Ball
3-2: Fly out, F8 (Line Drive, 78D)
Batting: RHB William Flores 0-0: Ball
1-0: Ball
2-0: Foul Ball, location: 2F
2-1: Foul Ball, location: 2F
2-2: SINGLE (Line Drive, 89S)
Batting: LHB Brian Lawson 0-0: Called Strike
William Flores steals 2nd base
0-1: Ball
1-1: Ball
2-1: Ball
3-1: Fly out, F9 (Flyball, 9D)
Top of the 4th over - 0 runs, 1 hit, 0 errors, 1 left on base; Lee's Summit 2 - Evanston 0
BOTTOM OF THE 4TH
Evanston Elitists batting - Pitching for Lee's Summit Tigers : RHP José Medellín
Batting: RHB Greg Nichols 0-0: SINGLE (Line Drive, 5)
Batting: RHB Troy Johnson 0-0: Swinging Strike
0-1: Fly out, F8 (Flyball, 8LM)
Batting: SHB Claas van der Kuijl 0-0: Swinging Strike
0-1: Ground out U3 (Groundball, 3)
Greg Nichols to second
Batting: RHB Jaime Aguirre 0-0: Called Strike
0-1: Swinging Strike
0-2: Foul Ball, location: 2F
0-2: Foul Ball, location: 2F
0-2: DOUBLE (Line Drive, 89XD)
Greg Nichols scores
Batting: SHB Doug Thompson 0-0: Ball
1-0: Called Strike
1-1: Ball
2-1: Ball
3-1: Ground out 5-3 (Groundball, 56)
Bottom of the 4th over - 1 run, 2 hits, 0 errors, 1 left on base; Lee's Summit 2 - Evanston 1
TOP OF THE 5TH
Lee's Summit Tigers batting - Pitching for Evanston Elitists : RHP Joel Cobb
Batting: RHB Tommy Smith 0-0: Ball
1-0: Ball
2-0: Called Strike
2-1: Swinging Strike
2-2: Ball
3-2: Foul Ball, location: 2F
3-2: Fly out, F4 (Line Drive, 4)
Batting: LHB Víctor Piña 0-0: Foul Ball, location: 2F
0-1: Ball
1-1: Swinging Strike
1-2: SINGLE (Groundball, 4MD)
Batting: RHB Juan Rodríguez 0-0: SINGLE (Groundball, 34D)
Víctor Piña to second
Runner from 2nd tries for 3rd, SAFE, no throw
Batting: LHB António Bonaccorsi 0-0: Called Strike
0-1: Ball
1-1: Ball
2-1: Ball
3-1: Foul Ball, location: 2F
3-2: Foul Ball, location: 2F
3-2: Base on Balls
Juan Rodríguez to second
Batting: RHB Josh Martin 0-0: Ball
1-0: Ball
2-0: Ball
3-0: Called Strike
3-1: Fly out, F8 (Flyball, 8RD)
Runner from 3rd tags up, SCORES, throw made
Batting: SHB Enrique Bartoccini 0-0: Called Strike
0-1: Ball
1-1: Foul Ball, location: 2F
1-2: SINGLE (Groundball, 4MD)
Juan Rodríguez to third
António Bonaccorsi to second
Runner from 3rd tries for Home, SAFE, no throw
Pitching: RHP Claudio Madrigal
Batting: RHB José Deleón 0-0: Ball
1-0: Ball
2-0: Swinging Strike
2-1: Called Strike
2-2: Ball
3-2: Base on Balls
António Bonaccorsi to third
Enrique Bartoccini to second
Batting: RHB William Flores 0-0: Called Strike
0-1: Ball
1-1: Ball
2-1: Foul Ball, location: 2F
2-2: Ball
3-2: Foul Ball, location: 2F
3-2: Strikes out swinging
Top of the 5th over - 2 runs, 3 hits, 0 errors, 3 left on base; Lee's Summit 4 - Evanston 1
BOTTOM OF THE 5TH
Evanston Elitists batting - Pitching for Lee's Summit Tigers : RHP José Medellín
Batting: RHB Billy Gray 0-0: Ball
1-0: Called Strike
1-1: SINGLE (Line Drive, 56)
Batting: RHB Bruce Adams 0-0: Ball
Billy Gray steals 2nd base
1-0: Fly out, F5 (Popup, 56)
Batting: SHB Troy Abreu 0-0: Ground out 4-3 (Groundball, 4M)
Billy Gray to third
Batting: LHB Jean-Sébastien Beaudin 0-0: Ball
1-0: Ground out 4-3 (Groundball, 4)
Bottom of the 5th over - 0 runs, 1 hit, 0 errors, 1 left on base; Lee's Summit 4 - Evanston 1
TOP OF THE 6TH
Lee's Summit Tigers batting - Pitching for Evanston Elitists : RHP Claudio Madrigal
Batting: LHB Brian Lawson 0-0: Ball
1-0: Ball
2-0: Ground out 6-3 (Groundball, 6)
Batting: RHB Tommy Smith 0-0: Called Strike
0-1: Ball
1-1: Ball
2-1: Ball
3-1: Base on Balls
Batting: LHB Víctor Piña 0-0: Called Strike
0-1: Ball
1-1: Foul Ball, location: 2F
1-2: Strikes out swinging
Batting: RHB Juan Rodríguez 0-0: Foul Ball, location: 2F
0-1: Ball
1-1: Ball
2-1: Ball
3-1: Base on Balls
Tommy Smith to second
Batting: LHB António Bonaccorsi 0-0: Called Strike
0-1: Foul Ball, location: 2F
0-2: Ball
1-2: Strikes out swinging
Top of the 6th over - 0 runs, 0 hits, 0 errors, 2 left on base; Lee's Summit 4 - Evanston 1
BOTTOM OF THE 6TH
Evanston Elitists batting - Pitching for Lee's Summit Tigers : RHP José Medellín
Batting: RHB Greg Nichols 0-0: Ball
1-0: Swinging Strike
1-1: Fly out, F5 (Popup, 5SF)
Batting: RHB Troy Johnson 0-0: Called Strike
0-1: Foul Ball, location: 2F
0-2: Strikes out looking
Batting: SHB Claas van der Kuijl 0-0: Ball
1-0: Called Strike
1-1: Foul Ball, location: 2F
1-2: Ball
2-2: Foul Ball, location: 2F
2-2: Foul Ball, location: 2F
2-2: Strikes out looking
Bottom of the 6th over - 0 runs, 0 hits, 0 errors, 0 left on base; Lee's Summit 4 - Evanston 1
TOP OF THE 7TH
Lee's Summit Tigers batting - Pitching for Evanston Elitists : RHP Claudio Madrigal
Batting: RHB Josh Martin 0-0: DOUBLE (Line Drive, 89D)
Batting: SHB Enrique Bartoccini 0-0: DOUBLE (Flyball, 78D)
Josh Martin scores
Batting: RHB José Deleón 0-0: Called Strike
0-1: Swinging Strike
0-2: Strikes out swinging
Batting: RHB William Flores 0-0: Ball
1-0: Ball
2-0: Ball
3-0: Called Strike
3-1: Hit by Pitch
Batting: LHB Brian Lawson 0-0: Called Strike
0-1: Ball
1-1: Foul Ball, location: 2F
1-2: Fly out, F7 (Flyball, 7D)
Batting: RHB Tommy Smith 0-0: Called Strike
0-1: Ball
1-1: Ball
2-1: Foul Ball, location: 2F
2-2: Fly out, F8 (Flyball, 8RM)
Top of the 7th over - 1 run, 2 hits, 0 errors, 2 left on base; Lee's Summit 5 - Evanston 1
BOTTOM OF THE 7TH
Evanston Elitists batting - Pitching for Lee's Summit Tigers : RHP José Medellín
Batting: RHB Jaime Aguirre 0-0: Foul Ball, location: 2F
0-1: Called Strike
0-2: Strikes out swinging, 2-3 out at first.
Batting: SHB Doug Thompson 0-0: Ball
1-0: Called Strike
1-1: Fly out, F9 (Flyball, 9S)
Batting: RHB Billy Gray 0-0: Called Strike
0-1: Fly out, F7 (Flyball, 7)
Bottom of the 7th over - 0 runs, 0 hits, 0 errors, 0 left on base; Lee's Summit 5 - Evanston 1
TOP OF THE 8TH
Lee's Summit Tigers batting - Pitching for Evanston Elitists : RHP Claudio Madrigal
Batting: LHB Víctor Piña 0-0: Ball
1-0: Ball
2-0: Ball
3-0: Base on Balls
Batting: RHB Juan Rodríguez 0-0: Ball
1-0: SINGLE (Groundball, 4MD)
Víctor Piña to second
Runner from 2nd tries for 3rd, SAFE, no throw
Batting: LHB António Bonaccorsi 0-0: Ball
1-0: Called Strike
1-1: Foul Ball, location: 2F
1-2: Ball
2-2: Ball
3-2: Base on Balls
Juan Rodríguez to second
Batting: RHB Josh Martin Balk!
Víctor Piña scores
Juan Rodríguez to third
António Bonaccorsi to second
0-0: Foul Ball, location: 2F
0-1: SINGLE (Groundball, 6MD)
Juan Rodríguez scores
António Bonaccorsi to third
Pitching: RHP José Chávez
Batting: SHB Enrique Bartoccini 0-0: Called Strike
0-1: Fly out, F6 (Line Drive, 6)
Batting: RHB José Deleón 0-0: DOUBLE (Flyball, 8LXD)
António Bonaccorsi scores
Josh Martin to third
Batting: RHB William Flores 0-0: Foul Ball, location: 2F
0-1: Foul Ball, location: 2F
0-2: Ball
1-2: Ground out U3 (Groundball, 34)
Josh Martin scores
José Deleón to third
Batting: LHB Brian Lawson 0-0: Called Strike
0-1: Ball
1-1: Ball
2-1: Swinging Strike
2-2: Fly out, F8 (Flyball, 8LS)
Top of the 8th over - 4 runs, 3 hits, 0 errors, 1 left on base; Lee's Summit 9 - Evanston 1
BOTTOM OF THE 8TH
Evanston Elitists batting - Pitching for Lee's Summit Tigers : RHP José Medellín
Now in RF: Claudio Jiménez
Batting: RHB Bruce Adams 0-0: Ball
1-0: Swinging Strike
1-1: Ball
2-1: Ball
3-1: Called Strike
3-2: Strikes out swinging
Batting: SHB Troy Abreu 0-0: Ball
1-0: Called Strike
1-1: Swinging Strike
1-2: Ball
2-2: Foul Ball, location: 2F
2-2: SINGLE (Line Drive, 6M)
Pitching: RHP Bob Boone
Batting: LHB Jean-Sébastien Beaudin 0-0: Fly out, F6 (Popup, 6MS)
Batting: RHB Greg Nichols 0-0: Ball
1-0: Ball
2-0: Fielders Choice at 2nd, 5-4 (Groundball, 5)
Bottom of the 8th over - 0 runs, 1 hit, 0 errors, 1 left on base; Lee's Summit 9 - Evanston 1
TOP OF THE 9TH
Lee's Summit Tigers batting - Pitching for Evanston Elitists : RHP José Chávez
Batting: RHB Tommy Smith 0-0: Foul Ball, location: 2F
0-1: Ball
1-1: Ball
2-1: Swinging Strike
2-2: Ball
3-2: Foul Ball, location: 2F
3-2: Base on Balls
Batting: LHB Víctor Piña 0-0: Ball
1-0: Swinging Strike
1-1: Hit by Pitch
Tommy Smith to second
Batting: RHB Juan Rodríguez 0-0: Swinging Strike
0-1: Foul Ball, location: 2F
0-2: Strikes out swinging
Batting: LHB António Bonaccorsi 0-0: SINGLE (Groundball, 34D)
Tommy Smith to third
Víctor Piña to second
Runner from 3rd tries for Home, SAFE, no throw
Batting: RHB Josh Martin 0-0: Ball
1-0: Ball
2-0: Called Strike
2-1: Ball
3-1: Fielders Choice at 2nd, 4-6 (Groundball, 4D)
Víctor Piña to third
Batting: SHB Enrique Bartoccini 0-0: Ball
1-0: Ball
2-0: Foul Ball, location: 2F
2-1: Swinging Strike
2-2: Ball
3-2: DOUBLE (Groundball, 5L)
Víctor Piña scores
Josh Martin to third
Josh Martin scores
Batting: RHB José Deleón 0-0: Ball
1-0: Fly out, F9 (Line Drive, 9)
Top of the 9th over - 3 runs, 2 hits, 0 errors, 1 left on base; Lee's Summit 12 - Evanston 1
BOTTOM OF THE 9TH
Evanston Elitists batting - Pitching for Lee's Summit Tigers : RHP Bob Boone
Now at C: Gerardo Romero
Now at 2B: Stephen Segura
Batting: RHB Troy Johnson 0-0: Ball
1-0: Ball
2-0: Called Strike
2-1: SINGLE (Line Drive, 89S)
Batting: SHB Claas van der Kuijl 0-0: Foul Ball, location: 2F
0-1: Ball
1-1: Swinging Strike
1-2: Ball
2-2: Ball
3-2: Base on Balls
Troy Johnson to second
Batting: RHB Jaime Aguirre 0-0: Called Strike
0-1: Foul Ball, location: 2F
0-2: Ball
1-2: Ball
2-2: Strikes out swinging
Batting: SHB Doug Thompson 0-0: SINGLE (Flyball, 89M)
Troy Johnson to third
Claas van der Kuijl to second
Batting: RHB Billy Gray 0-0: Called Strike
0-1: Swinging Strike
0-2: Ball
1-2: Ball
2-2: Fly out, F4 (Flyball, 4D)
Batting: RHB Bruce Adams 0-0: Foul Ball, location: 2F
0-1: Fly out, F7 (Flyball, 78M)
Bottom of the 9th over - 0 runs, 2 hits, 0 errors, 3 left on base; Lee's Summit 12 - Evanston 1
Saturday, April 7th, 2018 - OOTP Baseball 18.8 Build 76